 Dungeon Crawl Stone Soup version 0.19.1 (webtiles) character file.

12040 nikopol the Spear-Bearer (level 11, -2/150 HPs)
             Began as a Minotaur Berserker on Nov 24, 2016.
             Was a High Priest of Trog.
             Slain by an eight-headed hydra (4 damage)
             ... on level 2 of the Lair of Beasts.
             The game lasted 00:22:59 (11032 turns).

nikopol the Spear-Bearer (Minotaur Berserker)      Turns: 11032, Time: 00:23:00

Health: -2/150     AC: 14    Str: 32    XL:     11   Next: 57%
Magic:  10/10      EV: 15    Int:  4    God:    Trog [*****.]
Gold:   599        SH:  0    Dex: 13    Spells: 0 memorised, 10 levels left

rFire  . . .     SeeInvis .     a - +0 trident
rCold  + . .     Gourm    .     F - +0 scale mail
rNeg   . . .     Faith    .     (no shield)
rPois  .         Spirit   .     (helmet restricted)
rElec  .         Reflect  .     o - +2 cloak
rCorr  .         Harm     +     D - +1 pair of gloves
MR     .....                    (no boots)
Stlth  ..........               S - amulet of harm
                                K - ring of protection from cold
                                m - +5 ring of strength

@: berserking, very quick
A: retaliatory headbutt, horns 2
a: Berserk, Trog's Hand, Brothers in Arms, Burn Spellbooks, Renounce Religion


You were on level 2 of the Lair of Beasts.
You worshipped Trog.
Trog was extremely pleased with you.
You were very hungry.

You visited 2 branches of the dungeon, and saw 10 of its levels.

You collected 703 gold pieces.
You spent 104 gold pieces at shops.

Inventory:

Hand Weapons
 a - a +0 trident (weapon)
 z - a +0 shortbow
 A - a +0 spear
Missiles
 l - 139 arrows (quivered)
Armour
 b - a +0 animal skin
 o - a +2 cloak (worn)
 q - a +0 ring mail
 D - a +1 pair of gloves (worn)
 F - a +0 scale mail (worn)
 J - +0 steam dragon scales
Jewellery
 m - a +5 ring of strength (left hand)
 K - a ring of protection from cold (right hand)
 O - a +5 ring of strength
 R - a +3 ring of strength
 S - an amulet of harm (around neck)
Wands
 y - a wand of heal wounds (6/9)
 B - a wand of flame (38/48)
 M - a wand of flame (16/48)
 N - a wand of confusion (12/48)
 V - a wand of acid (7/15)
Scrolls
 e - 2 scrolls of blinking {unknown}
 h - 2 scrolls of noise {unknown}
 k - 7 scrolls of remove curse {unknown}
 p - 2 scrolls of magic mapping {unknown}
 s - 4 scrolls of teleportation {unknown}
 u - a scroll of recharging {unknown}
 w - 2 scrolls of enchant weapon
 I - 7 scrolls of identify
 L - 2 scrolls of random uselessness {unknown}
Potions
 d - 2 potions of heal wounds
 f - 3 potions of curing {unknown}
 i - 2 potions of berserk rage
 j - a potion of magic
 n - a potion of flight
 r - a potion of haste
 t - a potion of agility {unknown}
 C - a potion of cure mutation {unknown}
 G - 2 potions of lignification {unknown}
 P - a potion of degeneration {unknown}
 Q - a potion of resistance {unknown}
 W - a potion of ambrosia {unknown}
Books
 H - a book of Clouds

   Spells                             Type                      Level
   a - Mephitic Cloud                 Conjuration/Poison/Air       3
   b - Conjure Flame                  Conjuration/Fire             3
   c - Poisonous Cloud                Conjuration/Poison/Air       6
   d - Freezing Cloud                 Conjuration/Ice/Air          6
   e - Ring of Flames                 Charms/Fire                  7
   Trog disapproves of the use of such an item.
 T - a book of Minor Magic

   Spells                             Type                      Level
   a - Magic Dart                     Conjuration                  1
   b - Blink                          Translocation                2
   c - Call Imp                       Summoning                    2
   d - Repel Missiles                 Charms/Air                   2
   e - Slow                           Hexes                        2
   f - Conjure Flame                  Conjuration/Fire             3
   g - Mephitic Cloud                 Conjuration/Poison/Air       3
   Trog disapproves of the use of such an item.
 U - a book of Necromancy

   Spells                             Type                      Level
   a - Pain                           Necromancy                   1
   b - Animate Skeleton               Necromancy                   1
   c - Vampiric Draining              Necromancy                   3
   d - Regeneration                   Charms/Necromancy            3
   e - Animate Dead                   Necromancy                   4
   f - Control Undead                 Necromancy                   4
   Trog disapproves of the use of such an item.
Comestibles
 c - 9 bread rations
 g - 2 slices of pizza
 v - 3 meat rations
 E - 5 fruits


   Skills:
 + Level 10.2 Fighting
 * Level 12.4 Polearms
 * Level 8.5 Bows
 + Level 9.6 Armour
 + Level 8.7 Dodging


You had 10 spell levels left.
You didn't know any spells.

Dungeon Overview and Level Annotations

Branches:
Dungeon (8/15)             Temple (0/1) D:6            Lair (2/6) D:8
  Swamp: Lair:2-4    Shoals: Lair:2-4     Snake: Lair:2-4    Spider: Lair:2-4

Altars:
Ashenzari
Cheibriados
Dithmenos
Elyvilon
Hepliaklqana
Makhleb
Qazlal
Ru
Sif Muna
Vehumet
Xom
Yredelemnul
Zin

Shops:
D:4 ?   D:6 *


Innate Abilities, Weirdness & Mutations

You reflexively headbutt those who attack you in melee.
You have a pair of horns on your head.


Message History

* * * LOW HITPOINT WARNING * * *
The eight-headed hydra barely misses you. x2
The eight-headed hydra bites you!
* * * LOW HITPOINT WARNING * * *
The eight-headed hydra misses you. The eight-headed hydra bites you.
* * * LOW HITPOINT WARNING * * *
The eight-headed hydra bites you.
* * * LOW HITPOINT WARNING * * *
Okay, then.
Wield which item (- for none, * to show all)? (? for menu, Esc to quit)
a - a +0 trident (weapon)
The water moccasin bites you but does no damage.
A red film seems to cover your vision as you go berserk!
You feel yourself moving faster!
You feel mighty!
You are feeling very hungry.
The eight-headed hydra bites you!
* * * LOW HITPOINT WARNING * * *
The eight-headed hydra bites you but does no damage.
The eight-headed hydra misses you. The eight-headed hydra bites you.
You die...

#..## ...##....
##.P#######..# ##. #.(..
#......##....## # #(.(#
##P..#........# ...##
###...........##
#..............# ####
##.............###...###
#..P.......(....#S.....#
#.##............@D(..(.(
.###.........##.#F......
.###.......#.####.>.....
.##......P#### ##.....
.###..#.### ..... .#
###### .#.. .### # #
...# #..#


You could see an eight-headed hydra, a spiny frog and a water moccasin.

Vanquished Creatures
  The ghost of TheWoodenMan the Cleaver, a novice HOBe of Trog (Lair:1)
  Erica (Lair:1)
  Pikel (D:8)
  An oklob plant (Lair:1)
  6 spiny frogs
  A black mamba (Lair:1)
  A komodo dragon (Lair:1)
  A two-headed ogre (D:8)
  2 hippogriffs
  Prince Ribbit (D:6)
  Sigmund (D:5)
  17 yaks
  2 basilisks
  2 wargs (D:8)
  Menkaure (D:5)
  2 steam dragons (D:6)
  Duvessa (D:7)
  2 water moccasins
  A black bear (D:8)
  An ice beast (D:7)
  2 sky beasts
  4 slaves (D:5)
  3 orc warriors
  An ogre (D:7)
  3 centaurs
  4 wolves (Lair:1)
  2 crocodiles
  Blork the orc (D:5)
  Dowan (D:7)
  5 bullfrogs
  2 crimson imps
  3 jellies
  5 hounds
  2 centaur skeletons
  3 orc priests
  An iguana (D:8)
  14 orc wizards
  6 worker ants
  2 worker ant zombies
  8 gnolls
  9 adders
  A shadow imp (D:7)
  An ooze (D:2)
  2 adder skeletons
  3 worms
  2 dart slugs
  5 leopard geckos
  28 orcs
  7 bats (D:1)
  3 giant cockroaches
  10 hobgoblins
  7 jackals
  4 quokkas
  3 ball pythons
  4 frilled lizards
  5 goblins
  A quokka zombie (D:7)
  6 rats
  4 bushes (Lair:1)
223 creatures vanquished.

Vanquished Creatures (others)
  3 fungi
  A plant (Lair:2)
4 creatures vanquished.

Grand Total: 227 creatures vanquished

Notes
Turn   | Place    | Note
-------+----------+-------------------------------------------
     0 | D:1      | nikopol the Minotaur Berserker began the quest for the Orb.
     0 | D:1      | Reached XP level 1. HP: 19/19 MP: 0/0
    89 | D:1      | Reached XP level 2. HP: 19/27 MP: 1/1
  1054 | D:2      | Reached XP level 3. HP: 27/33 MP: 2/2
  1236 | D:2      | Reached ** piety under Trog
  1393 | D:2      | Reached skill level 4 in Polearms
  1714 | D:3      | Reached XP level 4. HP: 19/40 MP: 3/3
  1914 | D:3      | Found a burning altar of Makhleb.
  1920 | D:3      | Found a white marble altar of Elyvilon.
  2030 | D:3      | Found a sacrificial altar of Ru.
  2160 | D:3      | Reached XP level 5. HP: 47/47 MP: 4/4
  2635 | D:3      | Found a stormy altar of Qazlal.
  2792 | D:4      | Found Noklapte's Magic Scroll Shoppe.
  2798 | D:4      | Bought a scroll of identify for 22 gold pieces
  2798 | D:4      | Bought a scroll of enchant weapon for 82 gold pieces
  2846 | D:4      | Found a snail-covered altar of Cheibriados.
  3184 | D:5      | Entered Level 5 of the Dungeon
  3320 | D:5      | Reached skill level 5 in Fighting
  3320 | D:5      | Reached skill level 5 in Polearms
  3342 | D:5      | Reached XP level 6. HP: 56/56 MP: 5/5
  3371 | D:5      | Noticed a slave
  3371 | D:5      | Noticed a slave
  3372 | D:5      | Noticed a slave
  3375 | D:5      | Noticed a slave
  3381 | D:5      | Killed a slave
  3403 | D:5      | Killed a slave
  3408 | D:5      | Killed a slave
  3410 | D:5      | Killed a slave
  3547 | D:5      | Reached skill level 5 in Armour
  3774 | D:5      | Reached *** piety under Trog
  3796 | D:5      | Found a stormy altar of Qazlal.
  3800 | D:5      | Noticed Menkaure
  3807 | D:5      | Killed Menkaure
  3807 | D:5      | Reached XP level 7. HP: 54/62 MP: 6/6
  3989 | D:5      | Found a deep blue altar of Sif Muna.
  3991 | D:5      | Noticed Blork the orc
  3995 | D:5      | Killed Blork the orc
  3995 | D:5      | Reached skill level 6 in Polearms
  4194 | D:5      | Noticed Sigmund
  4203 | D:5      | Killed Sigmund
  4203 | D:5      | Reached skill level 5 in Dodging
  4458 | D:6      | Reached skill level 7 in Polearms
  4521 | D:6      | Found a basalt altar of Yredelemnul.
  4534 | D:6      | Reached XP level 8. HP: 63/71 MP: 7/7
  4675 | D:6      | Found a shimmering altar of Xom.
  4985 | D:6      | Found a staircase to the Ecumenical Temple.
  5042 | D:6      | Noticed Prince Ribbit
  5051 | D:6      | Killed Prince Ribbit
  5129 | D:6      | Reached skill level 8 in Polearms
  5340 | D:6      | Found Vewn's Serpentskin Sales.
  5463 | D:7      | Found a glowing silver altar of Zin.
  5492 | D:7      | Found a hazy altar of Hepliaklqana.
  5578 | D:7      | Found a shattered altar of Ashenzari.
  5581 | D:7      | Found a shadowy altar of Dithmenos.
  5596 | D:7      | Noticed Duvessa
  5602 | D:7      | Noticed Dowan
  5606 | D:7      | Killed Duvessa
  5606 | D:7      | Reached skill level 9 in Polearms
  5606 | D:7      | Reached skill level 1 in Bows
  5606 | D:7      | Reached XP level 9. HP: 71/79 MP: 8/8
  5613 | D:7      | Killed Dowan
  5683 | D:7      | Reached **** piety under Trog
  6206 | D:8      | Found a radiant altar of Vehumet.
  6807 | D:8      | Found a staircase to the Lair.
  7054 | D:8      | Reached skill level 10 in Polearms
  7809 | D:8      | Reached skill level 5 in Bows
  7809 | D:8      | Reached XP level 10. HP: 89/89 MP: 9/9
  7926 | D:8      | Noticed Pikel
  7939 | D:8      | Killed Pikel
  8238 | Lair:1   | Entered Level 1 of the Lair of Beasts
  8357 | Lair:1   | Noticed a spiny frog
  8365 | Lair:1   | Killed a spiny frog
  8542 | Lair:1   | Noticed Erica
  8549 | Lair:1   | Killed Erica
  8549 | Lair:1   | Reached skill level 11 in Polearms
  8636 | Lair:1   | Noticed TheWoodenMan's ghost (novice HOBe)
  8648 | Lair:1   | Killed TheWoodenMan's ghost
  8763 | Lair:1   | Noticed a spiny frog
  8767 | Lair:1   | Noticed a black mamba
  8771 | Lair:1   | Killed a spiny frog
  8774 | Lair:1   | Killed a black mamba
  8858 | Lair:1   | Noticed an oklob plant
  8876 | Lair:1   | Killed an oklob plant
  8876 | Lair:1   | Reached XP level 11. HP: 19/97 MP: 10/10
  9394 | Lair:1   | Reached ***** piety under Trog
  9795 | Lair:2   | Received a gift from Trog
 10056 | Lair:2   | Reached skill level 12 in Polearms
 10341 | Lair:2   | Reached skill level 10 in Fighting
 10420 | Lair:2   | Noticed an eight-headed hydra
 11032 | Lair:2   | HP: 2/150 [eight-headed hydra (13)]
 11032 | Lair:2   | Slain by an eight-headed hydra

Skill      XL: |  1  2  3  4  5  6  7  8  9 10 11 |
---------------+----------------------------------+-----
Armour         | 3 4 5 6 7 9 |  9.6
Fighting       | 4 5 6 7 8 9 10 | 10.2
Polearms       | 4 5 7 9 10 11 12 | 12.4
Dodging        | 3 4 5 6 7 8 |  8.7
Bows           | 1 5 7 8 |  8.5

Action                   |  1- 3 |  4- 6 |  7- 9 | 10-12 || total
-------------------------+-------+-------+-------+-------++-------
Melee: Spear             |    90 |   150 |       |       ||   240
       Headbutt          |     6 |    33 |    44 |    84 ||   167
       Trident           |       |     4 |   220 |   242 ||   466
 Fire: Shortbow          |       |       |   121 |   134 ||   255
Invok: Berserk           |     1 |     3 |     4 |     4 ||    12
       Trog's Hand       |       |     1 |       |       ||     1
       Burn Spellbooks   |       |       |       |     1 ||     1
  Use: Scroll            |       |     4 |       |       ||     4
 Stab: Sleeping          |     1 |       |       |       ||     1
  Eat: Chunk             |     2 |    10 |    15 |    11 ||    38
       Beef jerky        |       |       |     2 |     1 ||     3
Armor: Animal skin       |     7 |       |       |       ||     7
       Ring mail         |     2 |    28 |     1 |       ||    31
       Scale mail        |       |       |    87 |    55 ||   142
Dodge: Dodged            |    24 |    64 |   131 |   105 ||   324
